 Dungeon Sprint DCSS version 0.28-a0-1567-g1695149f81 (webtiles) character file.

Game seed: 2519243855439777366

25 innerfire433 the Slasher (level 2, -5/24 HPs)
             Began as a Demonspawn Chaos Knight on Jan 19, 2022.
             Was a Plaything of Xom.
             Slain by an ogre (14 damage)
             ... in the Dungeon (Sprint I: "Red Sonja").
             The game lasted 00:00:51 (29 turns).

innerfire433 the Slasher (Demonspawn Chaos Knight)    Turns: 29, Time: 00:00:51

Health: -5/24      AC: 12    Str: 12    XL:     2   Next: 82%
Magic:  2/2        EV: 18    Int: 13    God:    Xom [..*...]
Gold:   0          SH:  0    Dex: 12    Spells: 1/1 levels left

rFire   . . .      SeeInvis .   (weapon currently unavailable)
rCold   . . .      Faith    .   (shield currently unavailable)
rNeg    + + +      Spirit   .   (armour currently unavailable)
rPois   +          Reflect  .   (helmet currently unavailable)
rElec   .          Harm     .   (cloak currently unavailable)
rCorr   .          Rampage  .   (gloves currently unavailable)
Will    .....      NoTele   +   (boots currently unavailable)
Stlth   +.........              (no amulet)
HPRegen 0.08/turn               (no ring)
MPRegen 0.08/turn               (no ring)

@: confused, fungus-form, ambrosia-drunk, on berserk cooldown, slowed, very slow
A: melee confuse, terrified, no casting, tiny, (thin metallic scales 1)
a: Renounce Religion


You were in the Dungeon.
You worshipped Xom.
You were a toy of Xom.
You were a sentient fungus.
You visited 1 branch

Inventory:

Hand Weapons
 a - a +0 falchion of chaos (melded)
Armour
 b - a +2 leather armour (melded)
Wands
 g - a wand of charming (8)
Scrolls
 h - a scroll of blinking
Potions
 c - a potion of curing
 d - a potion of heal wounds
 e - a potion of haste
 f - 2 potions of magic
 i - a potion of ambrosia


   Skills:
 - Level 3.0 Fighting
 * Level 5.9 Long Blades
 - Level 1.7 Armour
 - Level 0.8 Dodging


You had one spell level left.
You didn't know any spells.
Your spell library was empty.

Dungeon Overview and Level Annotations

Branches:
Dungeon (1/1)

Altars:

Annotations:
D Sigmund


Innate Abilities, Weirdness & Mutations

You are a sentient fungus.
You are tiny and evasive.
Your melee attack releases spores that confuse breathing creatures.
You become terrified and freeze when enemies are visible.
Your armour is entirely melded.
You are incapable of wielding weapons or throwing items.
You cannot cast spells.
((You are partially covered in thin metallic scales. (AC +2)))


Message History

Sigmund shouts!
Sigmund points at you and mumbles some strange words.
You are confused.
Are you sure you want to stumble around while confused and next to your ogre?
Okay, then.
Are you sure you want to stumble around while confused and next to your ogre?
You bump into the closed door.
Sigmund gestures at you while chanting. The magic dart hits you.
Sigmund zaps a wand.
You resist with significant effort.
Are you sure you want to stumble around while confused and next to your ogre?
Okay, then.
Sigmund hits you from afar with a +1 vorpal scythe.
Sigmund closely misses you.
Are you sure you want to stumble around while confused and next to your ogre? [Y]es or [N]o only, please.
Are you sure you want to stumble around while confused and next to your ogre? [Y]es or [N]o only, please.
Are you sure you want to stumble around while confused and next to your ogre?
You slash your ogre! You burn your ogre.
The ogre is no longer charmed.
The ogre is moderately wounded.
You feel less confused.
Sigmund zaps a wand.
You turn into a sentient fungus.
Your +0 falchion of chaos melds into your body.
Your +2 leather armour melds into your body.
The ogre misses you.
Sigmund whispers, "You'll know eternity soon."
Sigmund misses you.
Unknown command.
It was a potion of ambrosia.
You are confused.
You feel invigorated. The ogre hits you with a +0 giant club!
Ouch! That really hurt!
Sigmund casts a spell.
Sigmund flickers and vanishes!
Deactivating autopickup; reactivate with Ctrl-A.
The ogre hits you with a +0 giant club!
Ouch! That really hurt!
You die...
Xom bursts into laughter!

########## ##
#<.#..'O.#..+
#..').#.f'{.#
#..#####+####
#..# #..#
#..# #⌠⌠#
####


You could see an ogre.

Vanquished Creatures
  Ijyb (D)
1 creature vanquished.

Notes
Turn   | Place    | Note
-------+----------+-------------------------------------------
     0 | D        | innerfire433 the Demonspawn Chaos Knight began the quest
                  | for the Orb.
     0 | D        | Reached XP level 1. HP: 18/18 MP: 1/1
     2 | D        | Noticed Ijyb
     3 | D        | XOM: potion effect (curing)
     9 | D        | Killed Ijyb
    10 | D        | Reached skill level 5 in Long Blades
    10 | D        | Gained mutation: You are partially covered in thin metallic
                  | scales. (AC +2) [demonic ancestry]
    10 | D        | Reached XP level 2. HP: 24/24 MP: 2/2
    14 | D        | Noticed an ogre
    23 | D        | Noticed Sigmund
    29 | D        | Slain by an ogre

Illustrated notes

Levels and vault maps discovered:
D:        dungeon_sprint_1 [red_sonja_temple_1, red_sonja_temple_small_1]

Skill      XL: |  1 |
---------------+----+-----
Long Blades    | 5 |  5.9
Fighting       | |  3.0
Armour         | |  1.7
Dodging        | |  0.8

Action                   || total
-------------------------++-------
Melee: Falchion          ||     6
Evoke: Wand              ||     2
  Use: Potion            ||     2
Dodge: Dodged            ||     6

Table legend: (Time is in decaauts)
 A = Elapsed time spent in this place.
 B = Non-inter-level travel time spent in this place.
 C = Inter-level travel time spent in this place.
 D = Time resting spent in this place.
 E = Time spent auto-exploring this place.
 F = Levels seen in this place.
 G = Mean time per level.
                   A        B        C        D        E       F      G
               +--------+--------+--------+--------+--------+-----+--------+
         Total |     33 |     33 |      0 |      0 |      0 |   1 |   33.0 |
       Dungeon |     33 |     33 |      0 |      0 |      0 |   1 |   33.0 |
               +--------+--------+--------+--------+--------+-----+--------+

Top non-repeatable levels by time:
       D: 33 daAuts
